 Dungeon Crawl Stone Soup version 0.27-a0-40-g5f2be0e231 (webtiles) character file.

Game seed: 3374807543812613045

53 tsouns the Skirmisher (level 3, -2/37 HPs)
             Began as a Troll Fighter on Jan 5, 2021.
             Slain by Sigmund
             ... wielding a +0 scythe
              (5 damage)
             ... on level 3 of the Dungeon.
             The game lasted 00:02:44 (1161 turns).

tsouns the Skirmisher (Troll Fighter)               Turns: 1161, Time: 00:02:45

Health: -2/37      AC:  6    Str: 25    XL:     3   Next: 64%
Magic:  2/2        EV:  8    Int:  0    God:
Gold:   70         SH:  8    Dex:  9    Spells: 2/2 levels left

rFire    . . .     SeeInvis .     - Unarmed
rCold    . . .     Faith    .   b - +0 kite shield
rNeg     . . .     Spirit   .   a - +0 robe
rPois    .         Reflect  .   (helmet restricted)
rElec    .         Harm     .   (no cloak)
rCorr    .         Rampage  .   (gloves unavailable)
Will     .....                  (boots unavailable)
Stlth    +.........             (no amulet)
HPRegen  0.52/turn              j - -4 ring of intelligence (curse)
MPRegen  0.08/turn              (no ring)

@: mighty, slowed, lost intelligence, very slow
A: large, unfitting armour, claws 3, regeneration 1, shaggy fur 1, tough skin 3
a: no special abilities


You were on level 3 of the Dungeon.
You visited 1 branch of the dungeon, and saw 3 of its levels.

You collected 70 gold pieces.

Inventory:

Missiles
 m - 9 poisoned darts (quivered)
Armour
 a - a +0 robe (worn)
 b - a +0 kite shield (worn)
Jewellery
 j - a cursed -4 ring of intelligence (left claw)
Scrolls
 e - 2 scrolls of remove curse {unknown}
 f - 2 scrolls of identify {unknown}
 g - 2 scrolls of enchant weapon {unknown}
 h - a scroll of teleportation {unknown}
 i - a scroll of magic mapping {unknown}
Potions
 k - a potion of brilliance {unknown}
 l - a potion of attraction {unknown}
 n - a potion of lignification {unknown}


   Skills:
 + Level 3.2 Fighting
 - Level 2.4 Dodging
 - Level 2.4 Shields
 + Level 3.1 Unarmed Combat


You had 2 spell levels left.
You didn't know any spells.
Your spell library was empty.

Dungeon Overview and Level Annotations

Branches:
Dungeon (3/15)

Altars:

Annotations:
D:3 Sigmund


Innate Abilities, Weirdness & Mutations

You are too large for most types of armour.
You have claws for hands.
Your natural rate of healing is unusually fast.
You are covered in fur. (AC +1)
You have extremely tough skin. (AC +3)


Message History

* * * LOW HITPOINT WARNING * * *
Unknown command.
It was a potion of curing.
You feel better.
You feel very mighty all of a sudden. Something hits you!
* * * LOW HITPOINT WARNING * * *
Unknown command.
You miss something. Something hits you.
* * * LOW HITPOINT WARNING * * *
Unknown command.
You miss something. You block something's attack.
You closely miss something.
You hear some strange, mumbled words.
Something tries to affect you, but you resist.
Something hits you.
* * * LOW HITPOINT WARNING * * *
Unknown command.
You miss something. You block something's attack.
You miss something. Something hits you.
You die...

#.. #.. #.. ..# # ..
####.#.##+# ....<..{#.#
#@#.# ####### ######.#.#
#.....# .[........#
#.....#
#######.#.####.....#####
#..............'....
#.#...###......#####
#.##..# #......# # #..#
#......# #.># #......#


There were no monsters in sight!

Vanquished Creatures
  An adder (D:2)
  2 worms (D:2)
  A leopard gecko (D:2)
  3 orcs (D:3)
  A ball python (D:2)
  5 giant cockroaches (D:2)
  3 goblins
  3 hobgoblins
  A quokka (D:3)
  2 bats (D:2)
  A frilled lizard (D:1)
  5 kobolds
  5 rats
33 creatures vanquished.

Notes
Turn   | Place    | Note
-------+----------+-------------------------------------------
     0 | D:1      | tsouns the Troll Fighter began the quest for the Orb.
     0 | D:1      | Reached XP level 1. HP: 22/22 MP: 0/0
   489 | D:2      | Reached XP level 2. HP: 29/29 MP: 1/1
   646 | D:2      | Reached XP level 3. HP: 37/37 MP: 2/2
   657 | D:2      | Lost intelligence.
  1142 | D:3      | Noticed Sigmund
  1161 | D:3      | Slain by Sigmund

Illustrated notes

Levels and vault maps discovered:
D:1:      lightli_arrival_maybe_door_vault, layout_loops_corners
D:2:      layout_loops_ring, minmay_pentomino_r2
D:3:      layout_basic, uniq_sigmund, uniq_terence

Skill      XL: |  1  2  3 |
---------------+----------+-----
Fighting       | 3 |  3.2
Unarmed Combat | 3 |  3.1
Dodging        | |  2.4
Shields        | |  2.4

Action                   || total
-------------------------++-------
Melee: Unarmed           ||    98
  Use: Potion            ||     2
       Scroll            ||     1
Armor: Robe              ||    30
Dodge: Dodged            ||    26
Block: Kite shield       ||    39

Table legend: (Time is in decaauts)
 A = Elapsed time spent in this place.
 B = Non-inter-level travel time spent in this place.
 C = Inter-level travel time spent in this place.
 D = Time resting spent in this place.
 E = Time spent auto-exploring this place.
 F = Levels seen in this place.
 G = Mean time per level.
                   A        B        C        D        E       F      G
               +--------+--------+--------+--------+--------+-----+--------+
         Total |   1413 |   1413 |      0 |      0 |   1131 |   3 |  471.0 |
       Dungeon |   1413 |   1413 |      0 |      0 |   1131 |   3 |  471.0 |
               +--------+--------+--------+--------+--------+-----+--------+

Top non-repeatable levels by time:
     D:2: 757 daAuts
     D:1: 482 daAuts
     D:3: 173 daAuts
